 Dungeon Crawl Stone Soup version 0.16.0-19-gb078050 (webtiles) character file.

120 Phasanity the Skirmisher (level 4, -9/41 HPs)
             Began as a Minotaur Berserker on Mar 23, 2015.
             Was a Believer of Trog.
             Mangled by Stepppan's ghost (10 damage)
             ... on level 4 of the Dungeon.
             The game lasted 00:09:43 (2197 turns).

Phasanity the Skirmisher (Minotaur Berserker)       Turns: 2197, Time: 00:09:43

Health: -9/41      AC:  9    Str: 22    XL:     4   Next: 75%
Magic:  2/2        EV:  9    Int:  4    God:    Trog [**....]
Gold:   135        SH:  0    Dex: 10    Spells: 0 memorised, 3 levels left

rFire  . . .     SeeInvis .     a - +0 falchion
rCold  + . .     Clarity  .     j - +0 chain mail
rNeg   . . .     SustAb   .     (no shield)
rPois  .         Gourm    .     (helmet restricted)
rElec  .         Spirit   .     (no cloak)
rCorr  .         Warding  .     (no gloves)
rMut   .         Stasis   .     (no boots)
MR     .....                    (no amulet)
Stlth  ..........               (no ring)
                                d - ring of protection from cold

@: not resistant to hostile enchantments, extremely unstealthy
A: retaliatory headbutt, horns 2
a: Burn Spellbooks, Berserk, Trog's Hand, Renounce Religion


You were on level 4 of the Dungeon.
You worshipped Trog.
Trog was pleased with you.
You were not hungry.

You visited 1 branch of the dungeon, and saw 4 of its levels.

You collected 135 gold pieces.

Inventory:

Hand weapons
 a - a +0 falchion (weapon)
Armour
 j - a +0 chain mail (worn)
 n - a +0 scale mail
Jewellery
 d - a ring of protection from cold (left hand)
Scrolls
 e - 3 scrolls of fear {unknown}
 k - a scroll of remove curse {unknown}
 p - 2 scrolls of noise {unknown}
 s - a scroll of magic mapping {unknown}
Potions
 g - a potion of ambrosia
 h - 2 potions of haste {unknown}
 i - a potion of agility {unknown}
 l - a potion of heal wounds {unknown}
 m - a potion of restore abilities {unknown}
 o - a potion of mutation {unknown}
 t - a potion of degeneration {unknown}
Comestibles
 b - a fruit
 f - a slice of pizza
 q - a royal jelly
 r - a meat ration


   Skills:
 + Level 4.7 Fighting
 + Level 4.7 Long Blades
 + Level 3.2 Armour
 + Level 3.2 Dodging
 + Level 0.1 Stealth


You had 3 spell levels left.
You didn't know any spells.

Dungeon Overview and Level Annotations

Branches:
Dungeon (4/15)
 Temple: D:4-7

Altars:
Gozag
Nemelex Xobeh
Sif Muna

Annotations:
D:4 Stepppan's ghost, experienced GrMo


Innate Abilities, Weirdness & Mutations

You reflexively headbutt those who attack you in melee.
You have a pair of horns on your head.


Message History

Stepppan's ghost is heavily damaged.
Stepppan's ghost hits you!
You miss Stepppan's ghost.
Stepppan's ghost is heavily damaged.
Stepppan's ghost ripples.
Stepppan's ghost hits you!
* * * LOW HITPOINT WARNING * * *
You closely miss Stepppan's ghost. Your headbutt misses Stepppan's ghost.
Stepppan's ghost is heavily damaged.
Stepppan's ghost hits you but does no damage.
Stepppan's ghost hits you.
* * * LOW HITPOINT WARNING * * *
You closely miss Stepppan's ghost.
Stepppan's ghost is heavily damaged.
Stepppan's ghost hits you.
* * * LOW HITPOINT WARNING * * *
Your chain mail prevents you from hitting Stepppan's ghost.
Stepppan's ghost is heavily damaged.
Stepppan's ghost hits you!
You die...

..# #.# ..#
#.# #.# #<#
#####.#
#.....#
#...W@#
..........#
###..###.#
#.. .. #.
### #.


You could see Stepppan's ghost.

Vanquished Creatures
  Terence (D:3)
  4 adders
  3 giant geckos
  2 oozes (D:2)
  4 orcs (D:3)
  A ball python (D:2)
  7 bats
  4 giant cockroaches
  11 goblins
  8 hobgoblins
  3 giant newts
  8 kobolds
  7 rats
63 creatures vanquished.

Notes
Turn   | Place    | Note
--------------------------------------------------------------
     0 | D:1      | Phasanity, the Minotaur Berserker, began the quest for the Orb.
     0 | D:1      | Reached XP level 1. HP: 19/19 MP: 1/1
   122 | D:1      | Reached XP level 2. HP: 9/27 MP: 1/1
   185 | D:1      | Reached skill level 4 in Fighting
  1008 | D:2      | Reached XP level 3. HP: 33/33 MP: 2/2
  1108 | D:2      | Acquired Trog's second power
  1227 | D:2      | Reached XP level 4. HP: 41/41 MP: 2/2
  1253 | D:2      | Found a deep blue altar of Sif Muna.
  1303 | D:2      | Found a sparkling altar of Nemelex Xobeh.
  1883 | D:3      | Noticed Terence
  1893 | D:3      | Killed Terence
  2048 | D:3      | Found an opulent altar of Gozag.
  2181 | D:4      | Noticed Stepppan's ghost (experienced GrMo)
  2196 | D:4      | HP: 1/41 [Stepppan's ghost (2)]
  2197 | D:4      | Mangled by Stepppan's ghost

Action                   |  1- 3 |  4- 6 || total
-------------------------+-------+-------++-------
Melee: Falchion          |    73 |    78 ||   151
  Use: Potion            |     3 |       ||     3
  Eat: Fruit             |     1 |     1 ||     2
       Bread ration      |       |     1 ||     1
       Pizza             |       |     1 ||     1
